 Dungeon Crawl Stone Soup version 0.19.5 (webtiles) character file.

223 Reinor the Ducker (level 5, -5/27 HPs)
             Began as a Spriggan Abyssal Knight on Apr 29, 2017.
             Was a Priest of Lugonu.
             Slain by a gnoll
             ... wielding a +0 flail
              (11 damage)
             ... on level 3 of the Dungeon on Apr 30, 2017.
             The game lasted 00:15:13 (3384 turns).

Reinor the Ducker (Spriggan Abyssal Knight)         Turns: 3384, Time: 00:15:14

Health: -5/27      AC:  5    Str:  8    XL:     5   Next: 66%
Magic:  8/8        EV: 20    Int: 15    God:    Lugonu [***...]
Gold:   113        SH:  0    Dex: 15    Spells: 0 memorised, 4 levels left

rFire  . . .     SeeInvis +     a - +2 short sword
rCold  . . .     Gourm    .     b - +0 robe
rNeg   . . .     Faith    .     (shield restricted)
rPois  .         Spirit   .     (helmet restricted)
rElec  .         Reflect  .     (no cloak)
rCorr  .         Harm     .     (gloves unavailable)
MR     .....                    (boots unavailable)
Stlth  +++.......               (no amulet)
                                n - ring of flight
                                e - +3 ring of protection

@: drained, very quick
A: unfitting armour, see invisible, herbivore 3, speed 3, slow metabolism 2
a: Depart the Abyss, Bend Space, Banish, Renounce Religion, Evoke Flight


You were on level 3 of the Dungeon.
You worshipped Lugonu.
Lugonu was most pleased with you.
You were not hungry.

You visited 1 branch of the dungeon, and saw 3 of its levels.
You visited the Abyss 1 time.

You collected 113 gold pieces.

Inventory:

Hand Weapons
 a - a +2 short sword (weapon)
 m - a cursed -3 short sword
Missiles
 f - 243 stones (quivered)
Armour
 b - a +0 robe (worn)
Jewellery
 e - a +3 ring of protection (left hand)
 n - a ring of flight (right hand)
 r - an uncursed ring of ice
Scrolls
 g - a scroll of enchant weapon
 h - a scroll of teleportation
 k - a scroll of amnesia
Potions
 d - a potion of resistance {unknown}
 i - 3 potions of curing {unknown}
 j - a potion of cure mutation {unknown}
 p - a potion of agility {unknown}
 q - 2 potions of brilliance {unknown}
Comestibles
 c - 4 bread rations
 o - a fruit


   Skills:
 - Level 2.4(2.2) Fighting
 + Level 3.6(3.4) Short Blades
 + Level 5.1(5.0) Dodging
 + Level 4.5(4.4) Stealth
 + Level 3.3(3.1) Invocations


You had 4 spell levels left.
You didn't know any spells.

Dungeon Overview and Level Annotations

Branches:
Dungeon (3/15)

Altars:

Annotations:
D:2 Crazy Yiuf


Innate Abilities, Weirdness & Mutations

You are very small and have problems with some larger weapons.
You are too small for most types of armour.
You have supernaturally acute eyesight. (SInv)
You are a herbivore.
You cover ground extremely quickly.
You need consume almost no food.


Message History

The gnoll completely misses you.
You closely miss the gnoll.
The gnoll is almost dead.
The gnoll barely misses you.
You hit the gnoll.
You kill the gnoll!
Lugonu accepts your kill.
You hit the gnoll.
The gnoll is lightly wounded.
You barely miss the gnoll.
The gnoll is lightly wounded.
The gnoll closely misses you.
You hit the gnoll but do no damage.
The gnoll is lightly wounded.
The gnoll hits you with a flail.
* * * LOW HITPOINT WARNING * * *
You hit the gnoll.
The gnoll is moderately wounded.
The gnoll hits you with a flail!
You die...

...#.#####.####.## #.####....
####.......#
#.########.######## #########
#.................
##########.########
#.##...... #.##.#####
#########.##.# # ##########
#..)......##.# ### #........#
#@##########.###.. #........#
#g##.#....##.#.... #........#
#[#..#.##.##.#.#.#
#........###)#).#.##.##.#.#..
.
#........+......#....)..#....
.
#........###.#.#####.########
.. #..g.gg..#
#.................
..###........#
###...............
.............#
#####...........


You could see a gnoll.

Vanquished Creatures
  Ijyb (D:2)
  Terence (D:2)
  Natasha (D:3)
  Robin (D:2)
  An adder (D:3)
  2 gnolls (D:3)
  A worm (D:2)
  3 dart slugs
  4 leopard geckos
  5 orcs (D:3)
  2 giant cockroaches
  24 goblins
  12 hobgoblins
  5 jackals (D:2)
  9 kobolds
  6 bats
  3 frilled lizards
  5 rats
86 creatures vanquished.

Vanquished Creatures (others)
  A fungus (D:2)
1 creature vanquished.

Grand Total: 87 creatures vanquished

Notes
Turn   | Place    | Note
-------+----------+-------------------------------------------
     0 | Abyss:1  | Reinor the Spriggan Abyssal Knight began the quest for the Orb.
     0 | Abyss:1  | Reached XP level 1. HP: 11/11 MP: 3/3
    54 | Abyss:2  | Found a corrupted altar of Lugonu.
    81 | Abyss:2  | Noticed a red ugly thing
    83 | Abyss:2  | Noticed a red very ugly thing
    83 | Abyss:2  | Noticed a red very ugly thing
    85 | Abyss:2  | Noticed a red ugly thing
   130 | Abyss:2  | Noticed a small abomination
   132 | Abyss:2  | Noticed a thrashing horror
   133 | Abyss:2  | Noticed a rakshasa
   139 | D:1      | Escaped the Abyss
   239 | D:1      | Reached * piety under Lugonu
   258 | D:1      | Reached XP level 2. HP: 13/16 MP: 4/4
   407 | D:1      | Reached skill level 1 in Stealth
  1143 | D:2      | Reached XP level 3. HP: 17/19 MP: 5/5
  1147 | D:2      | Reached skill level 4 in Dodging
  1376 | D:2      | Noticed Ijyb
  1381 | D:2      | Reached ** piety under Lugonu
  1398 | D:2      | Killed Ijyb
  1591 | D:2      | Reached XP level 4. HP: 21/23 MP: 6/6
  1982 | D:2      | Found a runed door.
  1986 | D:2      | Noticed Crazy Yiuf
  2032 | D:2      | Noticed Terence
  2043 | D:2      | Killed Terence
  2328 | D:2      | Noticed Robin
  2602 | D:2      | Killed Robin
  2607 | D:2      | Reached XP level 5. HP: 17/27 MP: 8/8
  3144 | D:3      | Noticed Natasha
  3153 | D:3      | Reached skill level 5 in Dodging
  3161 | D:3      | Killed Natasha
  3169 | D:3      | Reached *** piety under Lugonu
  3384 | D:3      | Slain by a gnoll

Skill      XL: |  1  2  3  4  5 |
---------------+----------------+-----
Invocations    | 2 3 |  3.3
Stealth        | 2 3 4 |  4.5
Dodging        | 4 5 |  5.1
Short Blades   | 3 |  3.6
Fighting       | |  2.4

Action                   |  1- 3 |  4- 6 || total
-------------------------+-------+-------++-------
Melee: Short sword       |   157 |   201 ||   358
Invok: Depart the Abyss  |     1 |       ||     1
  Use: Scroll            |     6 |     3 ||     9
 Stab: Sleeping          |     2 |     3 ||     5
  Eat: Pizza             |       |     1 ||     1
Armor: Robe              |    23 |    19 ||    42
Dodge: Dodged            |   131 |   171 ||   302
